 Dungeon Crawl Stone Soup version bcrawl-1.19-7-g22fd707d3b (webtiles) character file.

Game seed: 15928581725160341373

7562 Freyura the Carver (level 10, -15/79 HPs)
             Began as a Demonspawn Fighter on Nov 13, 2019.
             Was an Elder of Qazlal.
             Demolished by a two-headed ogre
             ... wielding a cursed -3 giant club
              (27 damage)
             ... on level 9 of the Dungeon on Nov 16, 2019.
             The game lasted 00:26:07 (8370 turns).

Freyura the Carver (Demonspawn Fighter)             Turns: 8370, Time: 00:26:08

Health: -15/79     AC: 12    Str: 16    XL:     10   Next: 96%
Magic:  15/15      EV: 13    Int: 15    God:    Qazlal [****..]
Gold:   516        SH: 16    Dex: 16    Spells: 9/9 levels left

rFire    + . .     SeeInvis .   B - +8 dagger of Benevolence {freeze, rF+ MR+}
rCold    . . .     Gourm    .   c - +0 shield
rNeg     . . .     Faith    .   b - +0 scale mail
rPois    .         Spirit   .   u - +0 helmet
rElec    .         Reflect  .   e - +1 cloak
rCorr    .         Harm     .   k - +0 pair of gloves
MR       +....                  (no boots)
Stlth    +.........             (no amulet)
HPRegen  0.23/turn              r - +5 ring of intelligence
MPRegen  0.14/turn              (no ring)

@: repel missiles
A: claws 1, spiny 1, sturdy frame 2
a: Upheaval, Elemental Force, Renounce Religion


You were on level 9 of the Dungeon.
You worshipped Qazlal.
Qazlal was greatly pleased with you.
You were not hungry.

You visited 1 branch of the dungeon, and saw 9 of its levels.
You also visited: Ossuary.

You collected 516 gold pieces.

Inventory:

Hand Weapons
 a - a +1 long sword
 B - the +8 dagger of Benevolence (weapon) {freeze, rF+ MR+}
   (You found it on level 6 of the Dungeon)

   It has been specially enchanted to freeze those struck by it, causing extra
   injury to most foes and up to half again as much damage against particularly
   susceptible opponents.
   It can also slow down cold-blooded creatures.
   It protects you from fire.
   It affects your resistance to hostile enchantments.
 K - a +2 vampiric falchion
Missiles
 E - 3 throwing nets (quivered) {!f}
Armour
 b - a +0 scale mail (worn)
 c - a +0 shield (worn)
 e - a +1 cloak (worn)
 k - a +0 pair of gloves (worn)
 u - a +0 helmet (worn)
Jewellery
 r - a +5 ring of intelligence (left hand)
Wands
 v - a wand of disintegration (16)
 D - a wand of scattershot (12)
 J - a wand of paralysis (7)
Scrolls
 g - a scroll of identify
 h - a scroll of magic mapping
 i - 3 scrolls of enchant weapon
 w - 2 scrolls of teleportation
 y - 2 scrolls of immolation
 A - 2 scrolls of amnesia {unknown}
 C - 4 scrolls of remove curse
 G - a scroll of enchant armour {unknown}
 H - a scroll of silence {unknown}
Potions
 d - 2 potions of might
 j - a potion of cancellation
 l - 3 potions of brilliance
 m - 4 potions of curing
 n - 2 potions of lignification
 o - a potion of resistance {unknown}
 p - a potion of agility {unknown}
 q - 2 potions of ambrosia
 t - a potion of flight {unknown}
 x - 2 potions of mutation {unknown}
 z - a potion of haste {unknown}
 F - a potion of berserk rage {unknown}
 I - a potion of invisibility {unknown}
 L - 3 potions of magic {unknown}
Comestibles
 f - 4 rations {!d}


   Skills:
 + Level 7.1 Fighting
 * Level 8.7 Long Blades
 + Level 6.5 Armour
 + Level 5.7 Dodging
 + Level 6.5 Shields
 + Level 7.9 Invocations


You had 9 spell levels left.
You didn't know any spells.
Your spell library was empty.

Dungeon Overview and Level Annotations

Branches:
Dungeon (9/12)             Temple (0/1) D:7
   Lair: D:7-9          Orc: D:8-11

Altars:
Ashenzari
Dithmenos
Elyvilon
Kikubaaqudgha
Nemelex Xobeh
Okawaru
Qazlal
Sif Muna
Vehumet
Yredelemnul
Zin
Jiyva

Annotations:
D:8 3 runed translucent doors, Freyura's ghost, novice GnFi


Innate Abilities, Weirdness & Mutations

You have sharp fingernails.
You are partially covered in sharp spines.
Your movements are less encumbered by armour. (ER -4)


Message History

You hit the two-headed ogre but do no damage.
The two-headed ogre is moderately wounded.
You hit the two-headed ogre. You freeze the two-headed ogre.
The two-headed ogre is heavily wounded.
The two-headed ogre hits you with a cursed -3 giant club!!
* * * LOW HITPOINT WARNING * * *
You block the two-headed ogre's attack.
You hit the two-headed ogre. You freeze the two-headed ogre.
The two-headed ogre is severely wounded.
You hit the two-headed ogre. You freeze the two-headed ogre.
The two-headed ogre is severely wounded.
You block the two-headed ogre's attack.
The two-headed ogre hits you with a cursed +0 giant spiked club.
* * * LOW HITPOINT WARNING * * *
You hit the two-headed ogre. You freeze the two-headed ogre.
The two-headed ogre is severely wounded.
You hit the two-headed ogre. You freeze the two-headed ogre.
The two-headed ogre is almost dead.
The two-headed ogre hits you with a cursed -3 giant club!!
You die...

##########.. #
#..@........
##.#°.O####....
#...°°....+ .
#.#.#..<####
#.......#
###.###.# #..#
.# #.#.# #
###..


You could see a two-headed ogre.

Vanquished Creatures
  A two-headed ogre (D:8)
  A gargoyle (D:6)
  2 centaur skeletons
  3 trolls
  Grinder (D:6)
  A hippogriff (D:8)
  A wyvern (D:8)
  2 wraiths (Ossuary)
  6 yaks (D:8)
  Eustachio (D:6)
  A porcupine (D:9)
  4 sky beasts
  2 black bears (D:7)
  5 ogres
  A phantom (D:7)
  A crocodile (D:7)
  2 centaurs (D:7)
  A bullfrog (D:9)
  Blork the orc (D:6)
  A gnoll sergeant (D:5)
  A water moccasin skeleton (D:4)
  2 scorpions (D:9)
  5 killer bees (D:8)
  3 wights
  2 electric eels (D:8)
  A howler monkey (D:8)
  2 centaur zombies
  3 crimson imps (D:4)
  4 jellies
  5 hounds
  An orc priest (D:5)
  9 orc wizards
  Natasha (D:3)
  Terence (D:3)
  4 iguanas
  5 worker ants
  A hound skeleton (D:6)
  A mummy (D:8)
  Robin (D:3)
  6 gnolls
  A howler monkey skeleton (D:5)
  8 adders
  2 shadow imps
  2 adder zombies (Ossuary)
  2 adder skeletons
  5 worms
  4 dart slugs
  6 leopard geckos
  35 orcs
  11 bats
  A giant cockroach (D:1)
  12 goblins
  8 hobgoblins
  15 jackals
  2 quokkas
  2 ball pythons (D:2)
  A ball python skeleton (Ossuary)
  6 frilled lizards
  3 hobgoblin skeletons (Ossuary)
  9 kobolds
  A kobold zombie (Ossuary)
  A leopard gecko skeleton (D:4)
  2 orc skeletons (Ossuary)
  2 rats (D:1)
  A butterfly (D:7)
238 creatures vanquished.

Vanquished Creatures (others)
  An orc wizard (D:5)
  A jackal (D:3)
  A fungus (D:9)
3 creatures vanquished.

Grand Total: 241 creatures vanquished

Notes
Turn   | Place    | Note
-------+----------+-------------------------------------------
     0 | D:1      | Freyura the Demonspawn Fighter began the quest for the Orb.
     0 | D:1      | Reached XP level 1. HP: 18/18 MP: 1/1
    96 | D:1      | Reached skill level 2 in Long Blades
   238 | D:1      | Gained mutation: You have sharp fingernails. [demonic
                  | ancestry]
   238 | D:1      | Reached XP level 2. HP: 24/24 MP: 2/2
   755 | D:2      | Gained mutation: You are partially covered in sharp spines.
                  | [demonic ancestry]
   755 | D:2      | Reached XP level 3. HP: 29/29 MP: 3/3
  1206 | D:2      | Reached skill level 1 in Dodging
  1283 | D:2      | Found an ancient bone altar of Kikubaaqudgha.
  1283 | D:2      | Found a stormy altar of Qazlal.
  1287 | D:2      | Became a worshipper of Qazlal Stormbringer
  1678 | D:3      | Gained mutation: Your movements are slightly less
                  | encumbered by armour. (ER -2) [demonic ancestry]
  1678 | D:3      | Reached XP level 4. HP: 35/35 MP: 4/4
  1720 | D:3      | Reached skill level 3 in Long Blades
  1720 | D:3      | Reached XP level 5. HP: 37/41 MP: 5/5
  1755 | D:3      | Found a white marble altar of Elyvilon.
  1859 | D:3      | Reached * piety under Qazlal
  2019 | D:3      | Noticed Terence
  2045 | D:3      | Killed Terence
  2045 | D:3      | Reached skill level 1 in Invocations
  2236 | D:3      | Noticed Robin
  2236 | D:3      | Noticed Natasha
  2255 | D:3      | Killed Natasha
  2255 | D:3      | Reached XP level 6. HP: 42/48 MP: 7/7
  2262 | D:3      | Killed Robin
  2506 | D:4      | Reached ** piety under Qazlal
  2581 | D:4      | Found a basalt altar of Yredelemnul.
  2615 | D:4      | Reached skill level 4 in Long Blades
  2668 | D:4      | Gained mutation: Your movements are less encumbered by
                  | armour. (ER -4) [demonic ancestry]
  2668 | D:4      | Reached XP level 7. HP: 39/54 MP: 8/8
  3253 | D:5      | Entered Level 5 of the Dungeon
  3335 | D:5      | Found a sparkling altar of Nemelex Xobeh.
  3574 | D:5      | Reached *** piety under Qazlal
  3648 | D:5      | Reached skill level 5 in Long Blades
  3648 | D:5      | Reached XP level 8. HP: 61/61 MP: 10/10
  4493 | D:6      | Noticed Blork the orc
  4503 | D:6      | Killed Blork the orc
  4525 | D:6      | Found a shimmering blue altar of Sif Muna.
  4568 | D:6      | Got a brightly glowing dagger
  4569 | D:6      | Identified the +8 dagger of Benevolence {freeze, rF+ MR+}
                  | (You found it on level 6 of the Dungeon)
  4588 | D:6      | Noticed Eustachio
  4589 | D:6      | Reached skill level 5 in Fighting
  4596 | D:6      | Found a shattered altar of Ashenzari.
  4610 | D:6      | Killed Eustachio
  4714 | D:6      | Found a shadowy altar of Dithmenos.
  4744 | D:6      | Noticed Grinder
  4747 | D:6      | Paralysed by Grinder for 4 turns
  4755 | D:6      | Killed Grinder
  4755 | D:6      | Reached skill level 6 in Long Blades
  4755 | D:6      | Reached skill level 5 in Invocations
  4947 | D:6      | Noticed a gargoyle
  4975 | D:6      | Killed a gargoyle
  4975 | D:6      | Reached skill level 5 in Armour
  4975 | D:6      | Reached skill level 5 in Shields
  4975 | D:6      | Reached XP level 9. HP: 41/68 MP: 12/12
  5377 | D:7      | Found a glowing silver altar of Zin.
  5436 | D:7      | Found a sparkling altar of Nemelex Xobeh.
  5608 | D:7      | Reached **** piety under Qazlal
  5764 | D:7      | Found a staircase to the Ecumenical Temple.
  6216 | D:8      | Noticed a troll
  6229 | D:8      | Found a sand-covered staircase.
  6235 | Ossuary  | Entered an ossuary
  6304 | Ossuary  | Reached skill level 7 in Long Blades
  6591 | D:8      | Killed a troll
  6601 | D:8      | Noticed a two-headed ogre
  6611 | D:8      | Killed a two-headed ogre
  6611 | D:8      | Reached XP level 10. HP: 51/77 MP: 13/15
  6718 | D:8      | Reached skill level 5 in Dodging
  7140 | D:8      | Reached skill level 8 in Long Blades
  7329 | D:8      | Found a runed translucent gate.
  7330 | D:8      | Found a runed translucent gate.
  7332 | D:8      | Found a runed translucent gate.
  7334 | D:8      | Noticed Freyura's ghost (novice GnFi)
  7537 | D:8      | Found a radiant altar of Vehumet.
  7895 | D:8      | Found an iron altar of Okawaru.
  8228 | D:8      | Found a viscous altar of Jiyva.
  8229 | D:8      | Upgraded the game from bcrawl-1.18.1 to
                  | bcrawl-1.19-7-g22fd707d3b
  8334 | D:9      | HP: 1/79 [porcupine's spines (17)]
  8353 | D:9      | Noticed a two-headed ogre
  8370 | D:9      | Demolished by a two-headed ogre

Skill      XL: |  1  2  3  4  5  6  7  8  9 10 |
---------------+-------------------------------+-----
Long Blades    | 2 3 4 5 6 7 8 |  8.7
Armour         | 3 4 5 6 |  6.5
Dodging        | 1 2 4 5 |  5.7
Shields        | 3 4 5 6 |  6.5
Invocations    | 1 2 3 5 6 7 |  7.9
Fighting       | 4 5 6 7 |  7.1

Action                   |  1- 3 |  4- 6 |  7- 9 | 10-12 || total
-------------------------+-------+-------+-------+-------++-------
Melee: Long sword        |   132 |   174 |   190 |       ||   496
       Dagger            |       |       |   180 |   199 ||   379
  Use: Scroll            |       |     7 |     6 |       ||    13
       Potion            |       |       |     2 |     2 ||     4
  Eat: Chunk             |     1 |     5 |     5 |       ||    11
       Ration            |       |       |     3 |     1 ||     4
Armor: Scale mail        |    69 |    67 |    83 |    32 ||   251
Dodge: Dodged            |    45 |    49 |   116 |    51 ||   261
       Deflected         |       |       |       |     2 ||     2
Block: Shield            |    77 |   110 |   240 |   142 ||   569
